 Dungeon Crawl Stone Soup version 0.26-a0-651-gb41185065b (webtiles) character file.

Game seed: 3894965302021696972

56 Lanoc the Grasshopper (level 3, 0/28 HPs)
             Began as a Demonspawn Warper on Oct 6, 2020.
             Succumbed to an adder's poison
             ... on level 3 of the Dungeon.
             The game lasted 00:02:53 (1837 turns).

Lanoc the Grasshopper (Demonspawn Warper)           Turns: 1837, Time: 00:02:54

Health: 0/28       AC:  3    Str:  8 (11) XL:     3   Next: 71%
Magic:  1/6        EV: 11    Int: 11 (14) God:
Gold:   144        SH:  0    Dex: 10 (13) Spells: 4/6 levels left

rFire    . . .     SeeInvis .   a - +0 spear
rCold    . . .     Faith    .   (no shield)
rNeg     . . .     Spirit   +   b - +0 leather armour
rPois    .         Reflect  .   (helmet restricted)
rElec    .         Harm     .   (no cloak)
rCorr    .         Rampage  .   (no gloves)
MR       .....                  (no boots)
Stlth    +.........             (no amulet)
HPRegen  0.09/turn              (no ring)
MPRegen  0.10/turn              (no ring)

@: brilliant, lethally poisoned (0 -> -17)
A: antennae 1, magic shield
a: no special abilities


You were on level 3 of the Dungeon.
You visited 1 branch of the dungeon, and saw 3 of its levels.

You collected 144 gold pieces.

Inventory:

Hand Weapons
 a - a +0 spear (weapon)
Missiles
 e - 3 boomerangs of dispersal (quivered)
Armour
 b - a +0 leather armour (worn)
Scrolls
 c - a scroll of remove curse {unknown}
 d - 4 scrolls of blinking
 g - a scroll of teleportation {unknown}
 i - a scroll of identify {unknown}
 k - a scroll of random uselessness {unknown}
 l - a scroll of amnesia {unknown}
Potions
 f - a potion of curing {unknown}
 h - a potion of lignification {unknown}
 j - a potion of brilliance
 m - 3 potions of degeneration
 n - a potion of heal wounds {unknown}


   Skills:
 + Level 2.5 Fighting
 - Level 2.4 Polearms
 - Level 0.8 Throwing
 - Level 1.3 Armour
 + Level 2.3 Dodging
 - Level 2.0 Spellcasting
 * Level 3.0 Translocations


You had 4 spell levels left.
You knew the following spells:

 Your Spells              Type           Power        Failure   Level
a - Blink                 Tloc           N/A          19%         2

Your spell library contained the following spells:

 Spells                   Type           Power        Failure   Level
 Gell's Gravitas          Tloc           ##........   34%         3
 Lesser Beckoning         Tloc           ##........   34%         3
 Teleport Other           Tloc           ##......     34%         3
 Passage of Golubria      Tloc           N/A          75%         4


Dungeon Overview and Level Annotations

Branches:
Dungeon (3/15)

Altars:


Innate Abilities, Weirdness & Mutations

You have a pair of small antennae on your head.
When hurt, damage is shared between your health and your magic reserves.


Message History

You feel weakened.
You feel dopey.
You feel clumsy.
* * * LOW HITPOINT WARNING * * *
You feel sick. The adder barely misses you. The adder bites you.
* * * LOW HITPOINT WARNING * * *
You are more poisoned.
The adder poisons you!
Throwing (i - inventory)
e - 5 boomerangs of dispersal (quivered)
Press: ? - help, Shift-Dir - straight line, f - adder
Aim: an adder (severely wounded)
You throw a boomerang of dispersal.
The boomerang of dispersal barely misses the adder.
* * * LOW HITPOINT WARNING * * *
You feel sick. The adder bites you.
* * * LOW HITPOINT WARNING * * *
Throwing (i - inventory)
e - 4 boomerangs of dispersal (quivered)
Press: ? - help, Shift-Dir - straight line, f/p - adder
Aim: an adder (severely wounded)
You throw a boomerang of dispersal.
The boomerang of dispersal misses the adder.
You die...

#. .. .# .#
#.# ##.# #.#
#.. #.# #S#
#.# #@###
#.# ## #...#
#.# ...
###.# #.#
#..
#.####.###.#
#.#
#..........#
#.#
######.#####
#.# #.#
####.# #.#
#..... #.#
#.##.#


You could see an adder.

Vanquished Creatures
  A worm (D:2)
  2 dart slugs
  4 bats
  2 giant cockroaches (D:2)
  11 goblins
  7 hobgoblins
  2 quokkas
  2 ball pythons (D:1)
  5 frilled lizards
  7 kobolds
  A quokka skeleton (D:2)
  A rat (D:1)
45 creatures vanquished.

Notes
Turn   | Place    | Note
-------+----------+-------------------------------------------
     0 | D:1      | Lanoc the Demonspawn Warper began the quest for the Orb.
     0 | D:1      | Reached XP level 1. HP: 16/16 MP: 3/3
    74 | D:1      | Reached skill level 1 in Armour
   220 | D:1      | Gained mutation: When hurt, damage is shared between your
                  | health and your magic reserves. [demonic ancestry]
   220 | D:1      | Reached XP level 2. HP: 22/22 MP: 5/5
   719 | D:2      | Gained mutation: You have a pair of small antennae on your
                  | head. [demonic ancestry]
   719 | D:2      | Reached XP level 3. HP: 25/28 MP: 6/6
   725 | D:2      | Learned a level 2 spell: Blink
  1616 | D:2      | Reached skill level 3 in Translocations
  1837 | D:3      | Succumbed to an adder's poison

Illustrated notes

Levels and vault maps discovered:
D:1:      saegor_arrival_simple_a, layout_loops_ring, minmay_octomino_j4
D:2:      layout_loops_cross, hangedman_abyss_or_decor_lesser_grid, st_stairs_4,
          dk_noncrumbling_3
D:3:      minmay_recursive_quarters, layout_loops_ring, uniq_crazy_yiuf_cottage

Skill      XL: |  1  2  3 |
---------------+----------+-----
Armour         | 1 |  1.3
Polearms       | 2 |  2.4
Dodging        | 2 |  2.3
Translocations | 3 |  3.0
Fighting       | |  2.5
Throwing       | |  0.8
Spellcasting   | |  2.0

Action                   || total
-------------------------++-------
Melee: Spear             ||   218
Throw: Boomerang         ||     2
 Cast: Blink             ||     1
  Use: Potion            ||     2
 Stab: Distracted        ||     1
Armor: Leather armour    ||    35
Dodge: Dodged            ||   107

Table legend: (Time is in decaauts)
 A = Elapsed time spent in this place.
 B = Non-inter-level travel time spent in this place.
 C = Inter-level travel time spent in this place.
 D = Time resting spent in this place.
 E = Time spent auto-exploring this place.
 F = Levels seen in this place.
 G = Mean time per level.
                   A        B        C        D        E       F      G
               +--------+--------+--------+--------+--------+-----+--------+
         Total |   1834 |   1796 |     38 |      0 |   1433 |   3 |  611.3 |
       Dungeon |   1834 |   1796 |     38 |      0 |   1433 |   3 |  611.3 |
               +--------+--------+--------+--------+--------+-----+--------+

Top non-repeatable levels by time:
     D:2: 1024 daAuts
     D:1: 711 daAuts
     D:3: 98 daAuts
